 Dungeon Crawl Stone Soup version 0.30-a0-374-g95c0257040 (webtiles) character file.

Game seed: 13596145712749908464

12 purpskrrrp the Ducker (level 2, -2/24 HPs)
             Began as a Merfolk Monk on Nov 26, 2022.
             Slain by Terence
             ... wielding a +0 falchion
              (9 damage)
             ... on level 2 of the Dungeon.
             The game lasted 00:02:04 (765 turns).

purpskrrrp the Ducker (Merfolk Monk)                 Turns: 765, Time: 00:02:04

Health: -2/24      AC:  6    Str:  8 (11) XL:     2   Next: 33%
Magic:  2/2        EV: 13    Int:  7 (9)  God:
Gold:   43         SH:  0    Dex: 14 (16) Spells: 1/1 levels left

rFire   . . .      SeeInvis .    a - +0 falchion
rCold   . . .      Faith    .    (no shield)
rNeg    . . .      Spirit   .    b - +2 robe
rPois   .          Reflect  .    d - +2 hat
rElec   .          Harm     .    k - scarf {repulsion}
rCorr   .          Rampage  .    (no gloves)
Will    .....                    (no boots)
Stlth   ++........               (no amulet)
HPRegen 0.24/turn                (no ring)
MPRegen 0.08/turn                (no ring)

@: repel missiles
A: (nimble swimmer 2), mertail
a: no special abilities


You were on level 2 of the Dungeon.
You visited 1 branch of the dungeon, and saw 2 of its levels.

You collected 43 gold pieces.

Inventory:

Hand Weapons
 a - a +0 falchion (weapon)
Armour
 b - a +2 robe (worn)
 d - a +2 hat (worn)
 k - a scarf of repulsion (worn)
Scrolls
 h - a scroll of teleportation
 m - 2 scrolls of torment
Potions
 l - a potion of brilliance {unknown}


   Skills:
 + Level 3.4 Fighting
 * Level 4.0 Long Blades
 + Level 4.2 Dodging
 + Level 2.4 Stealth


You had one spell level left.
You didn't know any spells.
Your spell library was empty.

Dungeon Overview and Level Annotations

Branches:
Dungeon (2/15)

Altars:

Annotations:
D:2 Terence


Innate Abilities, Weirdness & Mutations

((You are very nimble when in or above water. (Stealth+, EV+, Speed+++)))
Your lower body shifts to a powerful aquatic tail in water.


Message History

The rat closely misses you. Terence hits you with a +0 falchion.
* * * LOW HITPOINT WARNING * * *
You barely miss Terence.
Terence is heavily wounded.
The goblin hits you but does no damage. The hobgoblin closely misses you.
The rat bites you but does no damage. Terence closely misses you.
You slash Terence!
Terence is almost dead.
The goblin barely misses you. The hobgoblin hits you.
* * * LOW HITPOINT WARNING * * *
The rat closely misses you. Terence hits you with a +0 falchion.
* * * LOW HITPOINT WARNING * * *
You are confused.
You feel invigorated. The goblin hits you but does no damage.
The hobgoblin hits you but does no damage.
The rat bites you but does no damage. Terence hits you with a +0 falchion.
* * * LOW HITPOINT WARNING * * *
It was a potion of flight.
You feel very buoyant.
You fly up into the air.
The goblin hits you but does no damage. The hobgoblin misses you.
The rat bites you but does no damage. Terence hits you with a +0 falchion.
* * * LOW HITPOINT WARNING * * *
It was a potion of cancellation.
Your magical effects are unravelling.
You feel magically purged.
You feel less invigorated.
You float gracefully downwards.
You feel less confused. The goblin hits you but does no damage.
The hobgoblin hits you but does no damage.
The rat barely misses you. Terence says, "How do you enjoy it?"
Terence hits you but does no damage.
It was a potion of degeneration.
There was something very wrong with that liquid.
You feel weakened.
You feel dopey.
You feel clumsy. The goblin misses you. The hobgoblin hits you.
* * * LOW HITPOINT WARNING * * *
The rat bites you but does no damage. Terence hits you with a +0 falchion!
You die...

#.#.#..# ... ...#
#.#....# ..
#..###.#.#.#.###.##
..##... ....#.#.# #.#
......?##.#.....# #.#
..........#'#'#.###.##
.....................#
.......@g............#
......g@.............#
.......r.............#
.......#.............#
.......#.............#
.......#.....?.......#
..###+##.....[.......#
. #.............#
...............#
#..............#


You could see Terence, a hobgoblin, a goblin and a rat.

Vanquished Creatures
  A ball python (D:1)
  An endoplasm (D:1)
  A giant cockroach (D:1)
  A goblin (D:1)
  3 quokkas
  4 rats (D:1)
11 creatures vanquished.

Notes
Turn   | Place    | Note
-------+----------+-------------------------------------------
     0 | D:1      | purpskrrrp the Merfolk Monk began the quest for the Orb.
     0 | D:1      | Reached XP level 1. HP: 18/18 MP: 1/1
   161 | D:1      | Reached XP level 2. HP: 24/24 MP: 2/2
   579 | D:1      | Found a faded altar of an unknown god.
   738 | D:2      | Noticed Terence
   765 | D:2      | Slain by Terence

Illustrated notes

Levels and vault maps discovered:
D:1:      lightli_arrival_maybe_door_vault, layout_loops_ring,
          hellmonk_ecumenical_altar_crossroads, minmay_tromino_v4_b
D:2:      layout_basic, basic_altar, uniq_jessica, uniq_terence

Skill      XL: |  1  2 |
---------------+-------+-----
Long Blades    | 4 |  4.0
Fighting       | |  3.4
Dodging        | |  4.2
Stealth        | |  2.4

Action                   || total
-------------------------++-------
Melee: Falchion          ||    33
       Punch             ||     2
  Use: Scroll            ||     5
       Potion            ||     5
 Stab: Sleeping          ||     3
Armor: Robe              ||    28
Dodge: Dodged            ||    56

Table legend: (Time is in decaauts)
 A = Elapsed time spent in this place.
 B = Non-inter-level travel time spent in this place.
 C = Inter-level travel time spent in this place.
 D = Time resting spent in this place.
 E = Time spent auto-exploring this place.
 F = Levels seen in this place.
 G = Mean time per level.
                   A        B        C        D        E       F      G
               +--------+--------+--------+--------+--------+-----+--------+
         Total |    768 |    723 |     45 |     23 |    569 |   2 |  384.0 |
       Dungeon |    768 |    723 |     45 |     23 |    569 |   2 |  384.0 |
               +--------+--------+--------+--------+--------+-----+--------+

Top non-repeatable levels by time:
     D:1: 712 daAuts
     D:2: 56 daAuts
